 Dungeon Crawl Stone Soup version 0.27.1-33-g824d729ab1 (webtiles) character file.

Game seed: 5041878971585858353

3586 MisterFreud the Cleaver (level 10, -1/82 (86) HPs)
             Began as a Hill Orc Abyssal Knight on Dec 11, 2021.
             Was a High Priest of Lugonu.
             Killed from afar by an electric eel (4 damage)
             ... with a bolt of electricity
             ... on level 9 of the Dungeon.
             The game lasted 00:15:20 (11654 turns).

MisterFreud the Cleaver (Hill Orc Abyssal Knight)  Turns: 11654, Time: 00:15:21

HP:   -1/82 (86)    AC: 11    Str: 19    XL:     10   Next: 10%
MP:   16/16         EV: 14    Int: 12    God:    Lugonu [*****.]
Gold: 359           SH:  0    Dex: 10    Spells: 9/9 levels left

rFire    + + +     SeeInvis .   b - +4 hand axe (venom)
rCold    + . .     Faith    +   (no shield)
rNeg     . . .     Spirit   .   f - +2 ring mail {rF+}
rPois    +         Reflect  .   m - +2 helmet
rElec    +         Harm     .   (no cloak)
rCorr    +         Rampage  .   (no gloves)
Will     .....                  (no boots)
Stlth    ..........             i - amulet of faith
HPRegen  0.23/turn              w - +4 ring of evasion
MPRegen  0.15/turn              u - ring of protection from fire

@: resistant, flying, lightly drained
A: no striking features
a: Renounce Religion, Depart the Abyss, Bend Space, Banish, Corrupt, Enter the
Abyss


You were on level 9 of the Dungeon.
You worshipped Lugonu.
Lugonu was extremely pleased with you.
You visited 2 branches of the dungeon, and saw 11 of its levels.
You visited the Abyss 1 time.

You collected 449 gold pieces.
You spent 90 gold pieces at shops.

Inventory:

Hand Weapons
 b - a +4 hand axe of venom (weapon)
 j - a +1 antimagic hand axe
Missiles
 c - 77 poisoned darts (quivered)
 p - 15 boomerangs
 B - 2 throwing nets
 D - 5 curare-tipped darts
Armour
 f - a +2 ring mail of fire resistance (worn)
 m - a +2 helmet (worn)
 s - a +0 chain mail
Jewellery
 i - an amulet of faith (around neck)
 u - a ring of protection from fire (right hand)
 w - a +4 ring of evasion (left hand)
 y - a ring of magical power
 E - a ring of ice
 H - a ring of ice
Wands
 C - a wand of acid (5)
Scrolls
 a - 2 scrolls of magic mapping
 n - 2 scrolls of blinking
 r - 3 scrolls of fear
 x - a scroll of enchant weapon
Potions
 d - 3 potions of resistance
 e - 2 potions of berserk rage
 g - 2 potions of cancellation {unknown}
 h - 3 potions of mutation
 k - 2 potions of flight
 l - 3 potions of lignification {unknown}
 o - a potion of might {unknown}
 q - 3 potions of degeneration {unknown}
 t - 2 potions of magic {unknown}
 v - 2 potions of curing {unknown}
 z - 2 potions of attraction {unknown}
 A - a potion of heal wounds {unknown}
 F - a potion of invisibility {unknown}


   Skills:
 + Level 7.1 Fighting
 + Level 12.9 Axes
 + Level 6.8 Armour
 - Level 0.7 Dodging
 * Level 8.3 Invocations


You had 9 spell levels left.
You didn't know any spells.
Your spell library contained the following spells:

 Spells                   Type           Power      Damage    Failure   Level
 Animate Skeleton         Necr           0%         N/A       47%         1
 Corona                   Hex            0%         N/A       47%         1
 Pain                     Necr           0%         1d4       47%         1
 Ensorcelled Hibernation  Hex/Ice        0%         N/A       63%         2
 Tukima's Dance           Hex            0%         N/A       85%         3
 Vampiric Draining        Necr           0%         2d6       85%         3


Dungeon Overview and Level Annotations

Branches:
Dungeon (10/15)            Temple (1/1) D:4
   Lair: D:8-11         Orc: D:9-12

Altars:
Ashenzari
Hepliaklqana
Makhleb
Uskayaw
Yredelemnul
The Shining One

Shops:
D:6 (   D:7 ?

Annotations:
D:7 3 runed translucent doors, TheLostOne's ghost, novice DsBe
Abyss:1 Edmund


Message History

You closely miss the electric eel.
The electric eel is moderately wounded.
The centaur shouts!
The electric eel shoots out a bolt of lightning at you!
The bolt of electricity misses you.
The centaur wields a +0 shortbow.
The centaur shoots an arrow.
The arrow barely misses you.
The electric eel shoots out a bolt of lightning at you!
The bolt of electricity hits the electric eel.
The electric eel completely resists.
The bolt of electricity hits you!
* * * LOW HITPOINT WARNING * * *
Why would you want to do that?
Unknown command.
Unknown command.
As you read the scroll labelled LUSEOD ZAUNIM, it crumbles to dust.
It is a scroll of brand weapon.
Your +4 hand axe drips with poison.
b - a +4 hand axe of venom (weapon)
The electric eel shoots out a bolt of lightning at you!
The bolt of electricity hits you!
* * * LOW HITPOINT WARNING * * *
You feel protected.
The centaur shoots an arrow.
The arrow hits you.
* * * LOW HITPOINT WARNING * * *
The electric eel shoots out a bolt of lightning at you!
The bolt of electricity hits you. You resist.
* * * LOW HITPOINT WARNING * * *
It was a potion of flight.
You feel very buoyant.
You fly up into the air.
The electric eel shoots out a bolt of lightning at you!
The bolt of electricity hits the electric eel.
The electric eel completely resists.
The bolt of electricity misses you.
The centaur shoots an arrow.
The arrow hits you.
* * * LOW HITPOINT WARNING * * *
The electric eel shoots out a bolt of lightning at you!
The bolt of electricity hits you. You resist.
* * * LOW HITPOINT WARNING * * *
The electric eel shoots out a bolt of lightning at you!
The bolt of electricity hits you. You resist.
You die...

.##### .......### ##
.........##############.
........................
........................
..≈≈....................
..≈≈≈...................
.....≈.≈≈$≈≈...........#######
##.....≈≈...;;@.........#
......≈≈!.(.l;..........#
.....≈≈≈≈≈≈≈≈..........#
......≈≈≈≈≈≈...........#
#.##.......≈.≈............#
####
#.#.............c..........
.... #.#......................
.... ..+................#....
.... ..#................##
#...


You could see a basilisk, a centaur and 3 electric eels.

Vanquished Creatures
  Sigmund (D:2)
  A wyvern (D:9)
  2 water moccasins
  2 ice beasts
  An orc warrior (D:7)
  2 necrophages
  An ogre (D:6)
  2 centaurs
  Blork the orc (D:4)
  A kobold brigand (D:7)
  A scorpion (D:7)
  4 bullfrogs
  A wyvern skeleton (D:7)
  A water moccasin skeleton (D:4)
  A jelly (D:6)
  14 wights
  An electric eel (D:9)
  2 centaur zombies (D:7)
  5 hounds
  4 orc priests
  A centaur skeleton (D:5)
  4 iguanas
  A gnoll shaman (D:6)
  Terence (D:2)
  3 orc wizards
  A scorpion zombie (D:4)
  2 howler monkey zombies
  Robin (D:2)
  13 gnolls
  4 river rats (D:7)
  10 adders
  2 white imps (D:7)
  An ufetubus (D:5)
  2 adder skeletons (D:4)
  2 worms (D:2)
  A dart slug (D:1)
  21 orcs
  4 ball pythons
  7 endoplasms
  10 giant cockroaches
  9 hobgoblins
  2 jackals (D:1)
  10 kobolds
  3 quokkas (D:4)
  5 bats
  8 frilled lizards
  15 goblins
  A quokka skeleton (D:4)
  5 rats
197 creatures vanquished.

Vanquished Creatures (others)
  63 plants
63 creatures vanquished.

Grand Total: 260 creatures vanquished

Notes
Turn   | Place    | Note
-------+----------+-------------------------------------------
     0 | Abyss:1  | MisterFreud the Hill Orc Abyssal Knight began the quest for
                  | the Orb.
     0 | Abyss:1  | Reached XP level 1. HP: 19/19 MP: 2/2
     1 | Abyss:1  | Found a corrupted altar of Lugonu.
     8 | D:1      | Escaped the Abyss
   101 | D:1      | Reached skill level 3 in Axes
   124 | D:1      | Reached XP level 2. HP: 21/26 MP: 3/3
   375 | D:1      | Reached skill level 4 in Axes
   768 | D:1      | Reached ** piety under Lugonu
   771 | D:1      | Reached XP level 3. HP: 29/31 MP: 4/4
  1431 | D:2      | Reached skill level 5 in Axes
  1616 | D:2      | Found a faded altar of an unknown god.
  1637 | D:2      | Noticed Robin
  1655 | D:2      | Reached XP level 4. HP: 28/39 MP: 5/5
  1681 | D:2      | Killed Robin
  1682 | D:2      | Reached skill level 6 in Axes
  1706 | D:2      | Noticed Terence
  1907 | D:3      | Reached *** piety under Lugonu
  2021 | D:4      | Reached skill level 7 in Axes
  2021 | D:4      | Reached XP level 5. HP: 5/45 MP: 6/6
  2200 | D:5      | Entered Level 5 of the Dungeon
  2262 | D:5      | Noticed Edmund
  2273 | D:4      | Found a staircase to the Ecumenical Temple.
  2853 | D:4      | Reached skill level 8 in Axes
  2853 | D:4      | Reached XP level 6. HP: 17/51 MP: 7/7
  2882 | Temple   | Entered the Ecumenical Temple
  3094 | D:3      | Reached **** piety under Lugonu
  3576 | D:2      | Noticed Sigmund
  3605 | D:2      | Killed Sigmund
  3606 | D:2      | Reached skill level 5 in Armour
  3606 | D:2      | Reached XP level 7. HP: 6/58 MP: 8/8
  3962 | D:2      | Killed Terence
  4594 | D:4      | Reached skill level 5 in Fighting
  4691 | D:3      | Banished Edmund
  4692 | D:3      | Reached skill level 9 in Axes
  5110 | D:4      | Reached XP level 8. HP: 54/68 MP: 9/9
  5374 | D:4      | Noticed Blork the orc
  5388 | D:4      | Killed Blork the orc
  5389 | D:4      | Reached skill level 10 in Axes
  6555 | D:6      | Found Udwaus's Antique Weapon Shop.
  6826 | D:6      | Reached skill level 11 in Axes
  6863 | D:6      | Found a broken altar of Ashenzari.
  7029 | D:6      | Reached ***** piety under Lugonu
  7189 | D:6      | Reached skill level 12 in Axes
  7555 | D:6      | Reached XP level 9. HP: 61/74 MP: 10/12
  8139 | D:7      | Found Qeoding's Magic Scroll Shop.
  8160 | D:7      | Reached skill level 5 in Invocations
  8483 | D:7      | Bought a scroll of magic mapping for 45 gold pieces
  8483 | D:7      | Bought a scroll of fear for 45 gold pieces
  8555 | D:7      | Found a runed translucent gate.
  8556 | D:7      | Found a runed translucent gate.
  8556 | D:7      | Found a runed translucent gate.
  8556 | D:7      | Noticed TheLostOne's ghost (novice DsBe)
  8933 | D:7      | Found a basalt altar of Yredelemnul.
 10306 | D:8      | Reached XP level 10. HP: 65/81 MP: 15/15
 11174 | D:10     | Entered Level 10 of the Dungeon
 11654 | D:9      | HP: 3/82 [electric eel/bolt of electricity (4)]
 11654 | D:9      | Killed from afar by an electric eel

Illustrated notes

Levels and vault maps discovered:
D:1:      tarquinn_simple_flora_water_f, layout_loops_ring
D:2:      layout_basic, dilly_ecumenical_altar_fadedgnrine, serial_curves,
          eino_curves_01, eino_curves_01, lemuel_another_geyser, uniq_terence,
          uniq_robin, uniq_sigmund
D:3:      layout_rooms, grunt_ministairs_1, minmay_pentomino_pile
D:4:      minmay_spotlight, layout_basic, minmay_temple_entry_stoned_glass,
          nicolae_ossuary_entry_ruins, minmay_misc_feat_tower,
          uniq_blork_the_orc
D:5:      cheibrodos_helix_gallery, layout_layer_cave,
          chequers_serial_rivers_micro_d, uniq_edmund
D:6:      layout_basic, evilmike_ruin_ashenzari, serial_shops,
          nicolae_shop_overgrown_old_shop
D:7:      wad_woods_stonehenge, layout_rooms, serial_shops, shop_scrolls,
          gammafunk_ghost_necromancy, minivault_24, minmay_quadrilaterals
D:8:      layout_basic
D:9:      layout_irregular_city, david_orc_4, disabler_island
D:10:     layout_loops_corners, david_lair_shrubbed, kennysheep_generic_room_14
Temple:   nicolae_temple_the_god_donut

Skill      XL: |  1  2  3  4  5  6  7  8  9 10 |
---------------+-------------------------------+-----
Axes           | 3 4 5 7 8 9 12 | 12.9
Armour         | 5 6 |  6.8
Fighting       | 5 6 7 |  7.1
Invocations    | 4 7 8 |  8.3
Dodging        | |  0.7

Action                   |  1- 3 |  4- 6 |  7- 9 | 10-12 || total
-------------------------+-------+-------+-------+-------++-------
Melee: Hand axe          |   110 |   218 |   478 |    63 ||   869
Throw: Dart              |       |     3 |     7 |       ||    10
Invok: Banish            |       |       |     1 |       ||     1
  Use: Scroll            |       |     3 |     8 |     1 ||    12
       Potion            |       |     1 |       |     2 ||     3
Armor: Leather armour    |     6 |       |       |       ||     6
       Ring mail         |    32 |   114 |   125 |    21 ||   292
Dodge: Dodged            |    43 |   131 |   244 |    32 ||   450
